AoeStats
← clf730928

Black Forest

509121312Analyzed
3v3 RM · 6d ago on Sep 25, 2026· 55m 42s· 6 players
Game mode
Random Map
Map size
Normal (6 player)
Population
200
Speed
Normal
Resources
Standard
Victory
Conquest
Starting age
Dark Age
Ending age
Imperial Age
RankedLock teamsTeams togetherTeam positionsShared explorationLock speedFull tech treeHidden civsTurbo modeCheats
Victory
Defeat
🇭🇰 Persians · Hong Kong SAR China
880
+14
🇨🇳 Persians · China
845
+15
🇨🇳 Franks · China
835
+16
🇹🇼 Spanish · Taiwan
881
-17
🇹🇼 Berbers · Taiwan
852
-16
🇨🇳 Khmer · China
759
-12
Ming
0:27 Loom
12:00 Feudal Age
16:58 Castle Age
15:12 Horse Collar
16:14 Stone Mining
16:13 Double-Bit Axe
19:33 Gold Mining
22:22 Bow Saw
24:51 Caravan
30:58 Imperial Age
29:08 Wheelbarrow
30:11 Gold Shaft Mining
30:13 Stone Shaft Mining
30:55 Forging
31:06 Husbandry
31:16 Bloodlines
31:33 Heavy Camel Rider
32:57 Conscription
33:54 Two-Man Saw
33:21 Elite War Elephant
34:27 Hand Cart
34:00 Light Cavalry
34:20 Pikeman
35:00 Squires
35:56 Arson
35:34 Halberdier
35:40 Capped Ram
37:16 Siege Ram
40:04 Chemistry
39:29 Scale Barding Armor
39:59 Iron Casting
39:15 Fletching
39:36 Hussar
42:11 Chain Barding Armor
42:52 Blast Furnace
43:52 Scale Mail Armor
44:28 Plate Barding Armor
49:24 Chain Mail Armor
49:05 Bodkin Arrow
49:12 Padded Archer Armor
49:47 Kamandaran
50:03 Crossbowman
50:48 Thumb Ring
51:22 Plate Mail Armor
彬彬有礼
0:32 Loom
14:09 Feudal Age
18:33 Castle Age
17:06 Double-Bit Axe
19:36 Bow Saw
37:11 Imperial Age
35:22 Wheelbarrow
34:40 Gold Mining
34:41 Stone Mining
36:07 Gold Shaft Mining
35:46 Scale Barding Armor
35:51 Forging
36:44 Husbandry
37:48 Cavalier
39:19 Conscription
39:12 Cranequins
39:14 Ordonnance Companies
41:18 Chemistry
40:35 Masonry
40:05 Treadmill Crane
41:00 Heavy Mounted Crossbowman
41:02 Elite Skirmisher
42:11 Chain Barding Armor
41:52 Padded Archer Armor
43:28 Hand Cart
43:47 Pikeman
44:27 Squires
44:13 Gambesons
44:13 Arson
45:51 Paladin
53:48 Chivalry
53:09 Elite Throwing Axeman
旺旺
11:19 Feudal Age
11:41 Double-Bit Axe
19:24 Castle Age
17:23 Horse Collar
17:42 Stone Mining
18:22 Gold Mining
20:02 Bow Saw
19:54 Heavy Plow
29:12 Imperial Age
27:24 Wheelbarrow
29:45 Gold Shaft Mining
30:50 Two-Man Saw
30:57 Crop Rotation
31:54 Hand Cart
34:40 Scale Barding Armor
34:46 Forging
34:37 Scale Mail Armor
36:01 Chain Barding Armor
37:18 Iron Casting
38:06 Chain Mail Armor
38:28 Plate Barding Armor
37:46 Elite War Elephant
38:50 Conscription
38:19 Arson
38:37 Squires
38:00 Pikeman
43:20 Plate Mail Armor
43:51 Blast Furnace
43:37 Husbandry
43:47 Bloodlines
45:11 Halberdier
46:45 Onager
fj0083
2:28 Loom
13:53 Feudal Age
18:28 Castle Age
16:40 Horse Collar
18:18 Gold Mining
19:15 Heavy Plow
19:03 Double-Bit Axe
23:45 Bow Saw
24:30 Gold Shaft Mining
29:24 Imperial Age
26:58 Stone Mining
28:23 Wheelbarrow
31:29 Crop Rotation
32:25 Stone Shaft Mining
32:39 Hand Cart
32:38 Scale Barding Armor
32:44 Forging
33:52 Chemistry
33:20 Ballistics
32:45 Elite Ballista Elephant
33:49 Conscription
34:06 Double Crossbow
35:18 Chemistry
38:07 Bloodlines
37:57 Husbandry
38:36 Iron Casting
40:38 Pikeman
41:04 Arson
43:25 Halberdier
44:06 Scale Mail Armor
45:07 Blast Furnace
44:44 Caravan
48:21 Chain Mail Armor
50:01 Fletching
50:12 Padded Archer Armor
cynthia180319
0:45 Loom
16:59 Feudal Age
26:00 Castle Age
24:33 Double-Bit Axe
24:31 Horse Collar
24:53 Stone Mining
24:54 Gold Mining
24:59 Fletching
25:10 Padded Archer Armor
25:16 Scale Barding Armor
27:18 Bow Saw
28:16 Heavy Plow
28:55 Stone Shaft Mining
31:06 Wheelbarrow
30:16 Town Watch
32:21 Murder Holes
32:36 Fortified Wall
34:44 Hand Cart
34:58 Hand Cart
35:13 Kasbah
36:12 Town Patrol
36:43 Leather Archer Armor
36:53 Ballistics
37:57 Bodkin Arrow
38:23 Chain Barding Armor
38:10 Husbandry
40:18 Thumb Ring
43:05 Imperial Age
43:16 Elite Genitour
43:26 Heavy Camel Rider
43:41 Heavy Cavalry Archer
45:06 Pikeman
47:26 Squires
clf730928
0:46 Loom
14:38 Feudal Age
17:02 Double-Bit Axe
19:21 Castle Age
18:13 Fletching
18:37 Horse Collar
20:31 Fishing Lines
28:52 Bloodlines
30:37 Bow Saw
32:13 Wheelbarrow
31:23 Town Watch
32:19 Gillnets
32:49 Heavy Plow
34:21 Squires
35:16 Caravan
38:58 Imperial Age
36:55 Husbandry
37:33 Bodkin Arrow
37:48 Forging
38:26 Pikeman
39:30 Scale Mail Armor
40:10 Iron Casting
39:57 Gambesons
40:32 Chain Mail Armor
41:45 Conscription
42:01 Hand Cart
41:42 Halberdier
42:08 Arson
42:28 Bracer
43:29 Blast Furnace
43:00 Plate Mail Armor
43:06 Cavalier
45:30 Hoardings
44:27 Light Cavalry
46:11 Chemistry
45:32 Ballistics
45:07 Murder Holes
46:34 Gold Mining
46:34 Stone Mining
47:49 Masonry
47:50 Fortified Wall
48:11 Town Patrol
49:16 Two-Man Saw
51:21 Stone Shaft Mining
50:59 Scale Barding Armor
50:54 Padded Archer Armor
52:53 Chain Barding Armor
52:34 Padded Archer Armor
Connection lost

Rejoining the realm…

Still unreachable

The connection could not be restored.

Session expired

The server has moved on; the page needs a fresh start.